 Dungeon Crawl Stone Soup version 0.29.1-4-g47bece8355 (webtiles) character file.

Game seed: 13427664095518019696

240 satrion the Covered (level 6, -11/53 HPs)
             Began as a Meteoran Fighter on Dec 7, 2022.
             Mangled by an ogre
             ... wielding a +0 giant club
              (22 damage)
             ... on level 5 of the Dungeon.
             The game lasted 00:08:38 (2255 turns).

satrion the Covered (Meteoran Fighter)              Turns: 2255, Time: 00:08:38

Health: -11/53     AC:  9    Str: 23    XL:     6   Next: 55%
Magic:  7/7        EV:  4    Int:  9    God:
Gold:   176        SH: 18    Dex: 14    Spells: 5/5 levels left

rFire   x . .      SeeInvis .   a - +0 war axe
rCold   . . .      Faith    .   n - +0 tower shield
rNeg    + + .      Spirit   .   i - +0 chain mail
rPois   .          Reflect  +   (no helmet)
rElec   .          Harm     .   (no cloak)
rCorr   +          Rampage  .   (no gloves)
Will    .....                   (no boots)
Stlth   ..........              e - amulet "Tauph" {Reflect rF- rN++ rCorr Str+3 SH+5}
HPRegen 0.17/turn               (no ring)
MPRegen 0.10/turn               (no ring)

@: mighty, glowing
A: sense surroundings 1, otherworldly, glowing, explore regen
a: no special abilities


You were on level 5 of the Dungeon.
You visited 1 branch of the dungeon, and saw 5 of its levels.

You collected 176 gold pieces.

Inventory:

Hand Weapons
 a - a +0 war axe (weapon)
 g - a +2 short sword of venom
Missiles
 l - a throwing net (quivered)
Armour
 b - a +0 scale mail
 c - a +0 buckler
 i - a +0 chain mail (worn)
 n - a +0 tower shield (worn)
Jewellery
 e - the amulet "Tauph" (around neck) {Reflect rF- rN++ rCorr Str+3 SH+5}
   (You acquired it on level 4 of the Dungeon)

   [amulet of reflection]

   It reflects blocked missile attacks.
   Str:       It affects your strength (+3).
   rF:        It makes you vulnerable to fire.
   rN:        It greatly protects you from negative energy.
   rCorr:     It protects you from acid and corrosion.
   SH:        It affects your SH (+5).
Scrolls
 f - 2 scrolls of blinking
 h - a scroll of brand weapon {unknown}
 j - a scroll of fear {unknown}
 k - a scroll of fog
Potions
 d - 4 potions of might
 s - 2 potions of mutation


   Skills:
 + Level 4.6 Fighting
 * Level 4.3 Axes
 * Level 5.3 Armour
 + Level 4.6 Shields


You had 5 spell levels left.
You didn't know any spells.
Your spell library contained the following spells:

 Spells                   Type           Power      Damage    Failure   Level
 Ensorcelled Hibernation  Hex/Ice        0%         N/A       100%        2
 Frozen Ramparts          Ice            0%         1d1       100%        3
 Spider Form              Tmut/Pois      0%         N/A       100%        3
 Anguish                  Hex/Necr       0%         N/A       100%        4
 Ice Form                 Ice/Tmut       0%         N/A       100%        4
 Summon Ice Beast         Ice/Summ       0%         N/A       100%        4


Dungeon Overview and Level Annotations

Branches:
Dungeon (5/15) Zot: 625
 Temple: D:4-7

Altars:
Dithmenos
Makhleb
Okawaru
Ru

Shops:
D:1 :


Innate Abilities, Weirdness & Mutations

You passively map a small area around you.
You are easily found by Zot.
You glow in the dark.
You regain HP and MP as you explore.


Message History

You block the scorpion's attack. x2
You closely miss the scorpion.
The scorpion is heavily wounded.
The scorpion barely misses you. You block the scorpion's attack.
You hit the scorpion but do no damage.
The scorpion is heavily wounded.
You block the scorpion's attack. The scorpion barely misses you.
You hit the scorpion but do no damage.
The scorpion is heavily wounded.
The scorpion stings you but does no damage.
You block the scorpion's attack.
You hit the scorpion but do no damage.
The scorpion is heavily wounded.
The scorpion stings you. You block the scorpion's attack.
You hit the scorpion.
The scorpion is severely wounded.
You block the scorpion's attack. x2
You slash the scorpion!
You kill the scorpion!
The ogre hits you with a +0 giant club!
You hit the ogre but do no damage. The ogre hits you with a +0 giant club!
You slash the ogre!
The ogre is heavily wounded.
The ogre barely misses you.
You hit the ogre.
The ogre is severely wounded.
You block the ogre's attack.
You hit the ogre but do no damage.
The ogre is severely wounded.
The ogre hits you with a +0 giant club!!
* * * LOW HITPOINT WARNING * * *
You feel very mighty all of a sudden. You block the ogre's attack.
You hit the ogre but do no damage.
The ogre is severely wounded.
The ogre barely misses you.
You hit the ogre.
The ogre is almost dead.
The ogre hits you with a +0 giant club!!
You die...

#...####.>...#.# *
###..?...........#,
, ,
......####.....#)#,*
* ,
...............#.# *
#....#..##.....# * ,
#....<###.....#, *
*#....## ###..s# ,
#.......# * #..#O# ,
###...... ....##@# ,
* #..............# *
* #..........###.#
,** #.....^.##. ..#
,, #.......### *#.#
,, * , #.# ### , ,
,* * , ,


You could see an ogre and a scorpion.

Vanquished Creatures
  A scorpion (D:5)
  2 orc wizards (D:3)
  5 adders
  5 dart slugs
  A worm (D:3)
  5 orcs
  9 bats
  2 endoplasms
  4 giant cockroaches
  7 hobgoblins
  6 jackals
  6 kobolds
  3 quokkas
  3 ball pythons
  2 frilled lizards
  4 goblins
  5 rats
70 creatures vanquished.

Notes
Turn   | Place    | Note
-------+----------+-------------------------------------------
     0 | D:1      | satrion the Meteoran Fighter began the quest for the Orb.
     0 | D:1      | Reached XP level 1. HP: 19/19 MP: 2/2
   165 | D:1      | Reached XP level 2. HP: 26/26 MP: 3/3
   427 | D:1      | Found Nuw Wuq's Book Shop.
   466 | D:1      | Reached XP level 3. HP: 31/31 MP: 4/4
   486 | D:1      | Glimpsed the power of Zot.
   536 | D:1      | Glimpsed the power of Zot.
   577 | D:2      | Reached skill level 4 in Armour
   616 | D:2      | Found a burning altar of Makhleb.
   981 | D:2      | Reached XP level 4. HP: 38/40 MP: 5/5
  1064 | D:1      | Glimpsed the power of Zot.
  1112 | D:1      | Glimpsed the power of Zot.
  1398 | D:3      | Reached XP level 5. HP: 34/46 MP: 6/6
  1607 | D:3      | Glimpsed the power of Zot.
  1657 | D:3      | Glimpsed the power of Zot.
  1713 | D:4      | Identified a scroll of acquirement
  1713 | D:4      | Acquired the amulet "Tauph" {Reflect rF- rN++ rCorr Str+3
                  | SH+5}
  1914 | D:4      | Found a sacrificial altar of Ru.
  2030 | D:4      | Found an iron altar of Okawaru.
  2030 | D:4      | Found a shadowy altar of Dithmenos.
  2039 | D:4      | Reached XP level 6. HP: 53/53 MP: 7/7
  2138 | D:4      | Reached skill level 5 in Armour
  2192 | D:4      | Glimpsed the power of Zot.
  2227 | D:5      | Entered Level 5 of the Dungeon
  2227 | D:5      | Noticed an ogre
  2228 | D:5      | Noticed an ogre
  2255 | D:5      | Mangled by an ogre

Illustrated notes

Levels and vault maps discovered:
D:1:      wander_arrival_estate, layout_loops_ring, serial_shops,
          nicolae_shop_crystal, chequers_jeans,
          hangedman_abyss_or_decor_lesser_grid, nicolae_titane
D:2:      layout_rooms, basic_altar
D:3:      layout_loops_cross, nicolae_uskayaw_suspiria, minmay_misc_feat_iff,
          nicolae_concentric_dashed_squares_mild, skrybe_limestone_x,
          minmay_hedge_maze
D:4:      layout_gridville, nicolae_ru_great_annihilating_truth,
          gammafunk_temple_overflow_elements
D:5:      minmay_recursive_quarters, layout_rooms, kiku_gazebo_garden_becter,
          chequers_temple_overflow_minitemple, serial_shops,
          nicolae_shop_bloodbath_and_beyond, uniq_duvessa

Skill      XL: |  1  2  3  4  5  6 |
---------------+-------------------+-----
Armour         | 4 5 |  5.3
Axes           | 3 4 |  4.3
Shields        | 4 |  4.6
Fighting       | 4 |  4.6

Action                   |  1- 3 |  4- 6 || total
-------------------------+-------+-------++-------
Melee: War axe           |    72 |   149 ||   221
  Use: Scroll            |       |     8 ||     8
       Potion            |       |     8 ||     8
 Stab: Paralysed         |       |     2 ||     2
       Invisible         |       |     1 ||     1
Armor: Scale mail        |    11 |       ||    11
       Chain mail        |    34 |    91 ||   125
Dodge: Dodged            |    26 |    17 ||    43
Block: Buckler           |    12 |       ||    12
       Tower shield      |     9 |   139 ||   148
